 Dungeon Crawl Stone Soup version 0.28-a0-1493-g08698888e4 (webtiles) character file.

Game seed: 7613638161902790056

784 funkygono the Firebug (level 8, -9/60 HPs)
             Began as a Human Cinder Acolyte on Jan 12, 2022.
             Was a High Priest of Ignis.
             Mangled by an orc warrior (18 damage)
             ... on level 4 of the Dungeon.
             The game lasted 00:11:21 (6726 turns).

funkygono the Firebug (Human Cinder Acolyte)        Turns: 6726, Time: 00:11:21

Health: -9/60      AC:  9    Str: 17    XL:     8   Next: 11%
Magic:  10/14      EV: 10    Int: 14    God:    Ignis [*****.]
Gold:   171        SH:  0    Dex:  9    Spells: 14/16 levels left

rFire   + . .      SeeInvis .   a - -1 falchion (flame)
rCold   . . .      Faith    .   (no shield)
rNeg    . . .      Spirit   .   v - +0 ring mail
rPois   .          Reflect  .   (no helmet)
rElec   .          Harm     .   (no cloak)
rCorr   .          Rampage  .   e - +1 pair of gloves
Will    .....                   f - +1 pair of boots
Stlth   ..........              q - amulet of the acrobat
HPRegen 0.20/turn               (no ring)
MPRegen 0.14/turn               (no ring)

@: very slightly contaminated
A: no striking features
a: Renounce Religion, Fiery Armour, Foxfire Swarm, Rising Flame


You were on level 4 of the Dungeon.
You worshipped Ignis.
Ignis was extremely pleased with you.
You visited 1 branch of the dungeon, and saw 5 of its levels.
You also visited: Sewer.

You collected 171 gold pieces.

Inventory:

Hand Weapons
 a - a -1 falchion of flaming (weapon)
 r - a +0 falchion
Missiles
 l - 2 throwing nets (quivered)
Armour
 b - a +0 robe
 e - a +1 pair of gloves (worn)
 f - a +1 pair of boots (worn)
 k - a +0 chain mail
 v - a +0 ring mail (worn)
Jewellery
 q - an amulet of the acrobat (around neck)
 y - an amulet of guardian spirit
Scrolls
 c - a scroll of fog
 s - 2 scrolls of magic mapping
 w - a scroll of identify
Potions
 d - a potion of berserk rage
 g - 2 potions of might {unknown}
 h - a potion of cancellation
 i - a potion of brilliance {unknown}
 j - 3 potions of mutation {unknown}
 m - a potion of invisibility {unknown}
 n - a potion of attraction {unknown}
 o - a potion of lignification {unknown}
 p - 2 potions of heal wounds {unknown}
 t - 2 potions of resistance {unknown}
 u - 2 potions of curing {unknown}
 z - a potion of degeneration {unknown}


   Skills:
 + Level 3.6 Fighting
 + Level 4.6 Long Blades
 + Level 1.1 Armour
 + Level 1.6 Dodging
 + Level 4.5 Spellcasting
 + Level 5.6 Fire Magic


You had 14 spell levels left.
You knew the following spells:

 Your Spells              Type           Power      Damage    Failure   Level
a - Scorch                Fire           36%        2d7       4%          2

Your spell library contained the following spells:

 Spells                   Type           Power      Damage    Failure   Level


Dungeon Overview and Level Annotations

Branches:
Dungeon (5/15)              Sewer (visited)
 Temple: D:4-7

Altars:
Cheibriados
Dithmenos
Elyvilon
Fedhas
Gozag
Hepliaklqana
Okawaru
Vehumet
Wu Jian
Zin
The Shining One

Shops:
D:4 *


Message History

Casting: Scorch (safe; 4% risk of failure)
Confirm with . or Enter, or press ? or * to list all spells.
Flames lash the orc warrior.
The orc warrior is burned terribly!
The orc warrior is heavily wounded.
The bullfrog zombie hits you.
The orc warrior hits you with a +2 vorpal flail!
The bullfrog zombie completely misses you.
The orc warrior hits you with a +2 vorpal flail!
You climb upwards.
There is a stone staircase leading down here.
Unknown command.
You hit the orc warrior but do no damage.
The orc warrior is heavily wounded.
The orc warrior hits you with a +2 vorpal flail!
* * * LOW HITPOINT WARNING * * *
x2 You hit the orc warrior but do no damage.
The orc warrior is heavily wounded.
The orc warrior hits you with a +2 vorpal flail!
* * * LOW HITPOINT WARNING * * *
x2
Okay, then.
A protective cloak of flame settles atop you.
The orc warrior barely misses you.
Okay, then.
The orc warrior is no longer more vulnerable to fire.
The orc warrior misses you.
Your fiery armour burns out.
Casting: Scorch (safe; 4% risk of failure)
Confirm with . or Enter, or press ? or * to list all spells.
You miscast Scorch.
You are very lightly contaminated with residual magic.
Nothing appears to happen.
The orc warrior hits you with a +2 vorpal flail!
* * * LOW HITPOINT WARNING * * *
x2
Casting: Scorch (safe; 4% risk of failure)
Confirm with . or Enter, or press ? or * to list all spells.
Flames lash the orc warrior.
The orc warrior is severely wounded.
The orc warrior's fire resistance burns away.
The orc warrior hits you with a +2 vorpal flail!!
You die...

##############
#............#
#<##########.# #.# #.# #.#
#.############ #.#
########>##.........# #.#
#...o@....<.........## #.#
#.######.##.#.#....... #.#
#.# #.##.#.#####.## #.#
#.# #.##.#.# #.#
#.###.######.##.#.#####.##
#............##(..)#......
##########.####.....[##.##
#)# #..........# #.#
#......###.#


You could see an orc warrior (combustible).

Vanquished Creatures
  Pargi (Sewer)
  An ice beast (D:3)
  An ogre (D:4)
  A scorpion (D:4)
  A centaur zombie (D:5)
  A gnoll shaman (D:4)
  A hound (D:2)
  An iguana (D:5)
  Jessica (D:2)
  An orc wizard (D:5)
  3 adders
  14 gnolls
  An adder skeleton (D:4)
  A worm (D:3)
  4 dart slugs
  5 orcs
  4 bats
  10 endoplasms
  8 goblins
  9 hobgoblins
  6 jackals
  3 quokkas
  10 ball pythons
  7 frilled lizards
  8 kobolds
  18 rats
121 creatures vanquished.

Notes
Turn   | Place    | Note
-------+----------+-------------------------------------------
     0 | D:1      | funkygono the Human Cinder Acolyte began the quest for the
                  | Orb.
     0 | D:1      | Reached XP level 1. HP: 18/18 MP: 2/2
   414 | D:1      | Reached XP level 2. HP: 18/24 MP: 3/3
   417 | D:1      | Learned a level 2 spell: Scorch
   715 | D:1      | Reached XP level 3. HP: 15/29 MP: 0/4
  1113 | D:1      | Found a faded altar of an unknown god.
  1493 | D:2      | Noticed Jessica
  1569 | D:2      | Killed Jessica
  1570 | D:2      | Reached XP level 4. HP: 35/35 MP: 3/6
  2190 | D:2      | Reached skill level 4 in Fire Magic
  2190 | D:2      | Reached XP level 5. HP: 41/41 MP: 0/8
  2768 | D:2      | Reached XP level 6. HP: 24/47 MP: 5/10
  3319 | D:3      | Reached skill level 1 in Dodging
  3367 | D:3      | Noticed an ice beast
  3375 | D:3      | Killed an ice beast
  3462 | D:3      | Found a glowing golden altar of the Shining One.
  3464 | D:3      | Found an opulent altar of Gozag.
  3465 | D:3      | Found an ornate altar of the Wu Jian Council.
  3658 | D:3      | Found a glowing drain.
  3671 | Sewer    | Entered a sewer
  3851 | Sewer    | Noticed Pargi
  3857 | Sewer    | Killed Pargi
  3858 | Sewer    | Reached skill level 5 in Fire Magic
  3858 | Sewer    | Reached XP level 7. HP: 51/52 MP: 0/12
  4171 | D:3      | Found a shadowy altar of Dithmenos.
  4173 | D:3      | Found a glowing silver altar of Zin.
  4210 | D:3      | Found a white marble altar of Elyvilon.
  4213 | D:3      | Found a hazy altar of Hepliaklqana.
  4214 | D:3      | Found a radiant altar of Vehumet.
  4219 | D:3      | Found a snail-covered altar of Cheibriados.
  4220 | D:3      | Found a blossoming altar of Fedhas.
  4571 | D:3      | Found an iron altar of Okawaru.
  4695 | D:4      | Found Juceunte's Overcharged Wands.
  5948 | D:5      | Entered Level 5 of the Dungeon
  6099 | D:5      | Reached XP level 8. HP: 59/59 MP: 9/14
  6123 | D:5      | Reached skill level 1 in Armour
  6726 | D:4      | Mangled by an orc warrior

Illustrated notes

Levels and vault maps discovered:
D:1:      ebering_hopf_link, layout_loops_cross,
          shapermc_ecumenical_altar_flowoftime, minmay_rat_gold_closets
D:2:      layout_rooms, minmay_tromino_i2, uniq_jessica
D:3:      layout_basic, okawaru_altar_gauntlet_db,
          nicolae_overflow_hallway_of_the_gods, cheibrodos_sewer_entry_bend
D:4:      layout_loops_ring, minmay_misc_feat_cross,
          nicolae_shop_overcharged_wands
D:5:      layout_cave_pools

Skill      XL: |  1  2  3  4  5  6  7  8 |
---------------+-------------------------+-----
Spellcasting   | 2 3 4 |  4.5
Fire Magic     | 4 5 |  5.6
Dodging        | 1 |  1.6
Long Blades    | 4 |  4.6
Armour         | 1 |  1.1
Fighting       | |  3.6

Action                   |  1- 3 |  4- 6 |  7- 9 || total
-------------------------+-------+-------+-------++-------
Melee: Falchion          |    66 |    67 |    84 ||   217
       Punch             |       |       |     1 ||     1
 Cast: Scorch            |    14 |    50 |    45 ||   109
Invok: Fiery Armour      |       |     1 |     2 ||     3
  Use: Scroll            |     1 |     4 |     5 ||    10
 Stab: Sleeping          |     1 |       |       ||     1
Armor: Robe              |    22 |    24 |     8 ||    54
       Ring mail         |       |       |    20 ||    20
Dodge: Dodged            |    35 |    55 |    59 ||   149

Table legend: (Time is in decaauts)
 A = Elapsed time spent in this place.
 B = Non-inter-level travel time spent in this place.
 C = Inter-level travel time spent in this place.
 D = Time resting spent in this place.
 E = Time spent auto-exploring this place.
 F = Levels seen in this place.
 G = Mean time per level.
                   A        B        C        D        E       F      G
               +--------+--------+--------+--------+--------+-----+--------+
         Total |   6809 |   6655 |    154 |    658 |   4335 |   6 | 1134.8 |
       Dungeon |   6375 |   6221 |    154 |    658 |   3983 |   5 | 1275.0 |
         Sewer |    434 |    434 |      0 |      0 |    351 |   1 |  434.0 |
               +--------+--------+--------+--------+--------+-----+--------+

Top non-repeatable levels by time:
     D:1: 1865 daAuts
     D:4: 1605 daAuts
     D:2: 1392 daAuts
     D:3: 1078 daAuts
   Sewer: 434 daAuts
     D:5: 432 daAuts
